[Event "January 2 Early 2024"]
[Site "https://www.chess.com"]
[Date "2024.01.02"]
[Round "1"]
[White "Borda Rodas, Anapaola S."]
[Black "Filgueiras, Nathan Felipe"]
[Result "1/2-1/2"]
[Board "270"]
[TimeControl "180+1"]
[WhiteFideId "152781"]
[BlackFideId "2188562"]
[WhiteElo "2119"]
[BlackElo "2567"]
[WhiteTeam "ARG"]
[BlackTeam "BRA"]
[WhiteClock "0:01:01"]
[BlackClock "0:00:34"]

1. e4 c5 2. Nf3 Nc6 3. d4 cxd4 4. Nxd4 e5 5. Nb5 d6 6. N1c3 a6 7. Na3 b5 8. Nd5 Nce7 9. c4 Nxd5 10. cxd5 f5 11. exf5 Bxf5 12. Nc2 Nf6 13. Ne3 Bg6 14. a4 bxa4 15. Qxa4+ Kf7 16. Bxa6 Qb6 17. Qc6 Qb4+ 18. Bd2 Qxb2 19. Bc3 Qb8 20. O-O Be7 21. Nc4 Ne4 22. Ba5 Nc5 23. Bc7 Qe8 24. Nxd6+ Bxd6 25. Qxd6 Nxa6 26. Rxa6 Qe7 27. Rxa8 Rxa8 28. Qxe5 Qxe5 29. Bxe5 Re8 30. f4 Be4 31. d6 Ra8 32. h3 Bc6 33. Rf2 Ke6 34. Kh2 g6 35. g4 Ra3 36. Rc2 Bd7 37. Re2 Kf7 38. Bd4 Be6 39. Bc5 Rd3 40. Re3 Rd5 41. Ba3 h5 42. Kg3 hxg4 43. hxg4 Rd1 44. d7 Rxd7 45. Bb2 Rd1 46. g5 Rg1+ 47. Kf2 Rd1 48. Be5 Bf5 49. Re1 Rd2+ 50. Re2 Rxe2+ 51. Kxe2 Ke6 52. Ke3 Kd5 53. Kf2 Kc4 54. Kg3 Kd3 55. Kf2 Ke4 56. Ke2 Kd5 57. Kf2 Ke4 58. Ke1 Kf3 59. Kd2 Kg4 60. Kc3 Kf3 61. Kd4 Ke2 62. Kc5 Kf3 63. Kd6 Ke4 64. Ke7 Kd3 65. Kf6 Kc4 66. Kg7 Kd5 67. Kf6 Ke4 68. Kg7 Kf3 69. Kf6 Kg4 70. Kg7 Kh3 71. Kf6 Kg2 72. Kg7 Kf3 73. Kh6 Kf2 74. Kh7 Ke2 75. Kg8 Kf1 76. Kf7 Ke1 77. Ke7 Kd1 78. Kd6 Ke2 79. Kc5 1/2-1/2

[Event "January 2 Early 2024"]
[Site "https://www.chess.com"]
[Date "2024.01.02"]
[Round "1"]
[White "Roberson, Peter T"]
[Black "Latreche, Khadidja"]
[Result "1-0"]
[Board "271"]
[TimeControl "180+1"]
[WhiteFideId "412384"]
[BlackFideId "7901780"]
[WhiteElo "2567"]
[BlackElo "2116"]
[WhiteTeam "ENG"]
[BlackTeam "ALG"]
[WhiteClock "0:00:51"]
[BlackClock "0:00:12"]

1. b3 d5 2. Bb2 c5 3. e3 Nc6 4. Bb5 Bf5 5. Nf3 a6 6. Bxc6+ bxc6 7. d3 Nf6 8. Nbd2 e6 9. Qe2 Bd6 10. e4 dxe4 11. dxe4 Bg4 12. e5 Nd5 13. exd6 Qxd6 14. Nc4 Qe7 15. Bxg7 Rg8 16. Be5 f6 17. Bd6 Qg7 18. O-O-O e5 19. Bxc5 Nc3 20. Nd6+ Kd8 21. Qc4 Nxa2+ 22. Kb2 Kc7 23. Kxa2 a5 24. Qf7+ Qxf7 25. Nxf7 a4 26. Kb2 axb3 27. cxb3 Be6 28. Nd6 Rxg2 29. Rhg1 Rxg1 30. Rxg1 Rb8 31. Rg7+ Bd7 32. Ne4 Rb5 33. Nxf6 1-0

[Event "January 2 Early 2024"]
[Site "https://www.chess.com"]
[Date "2024.01.02"]
[Round "1"]
[White "Gopal, K.N."]
[Black "Kuzmin, Roman"]
[Result "0-1"]
[Board "272"]
[TimeControl "180+1"]
[WhiteFideId "5001447"]
[BlackFideId "44134932"]
[WhiteElo "2114"]
[BlackElo "2565"]
[WhiteTeam "IND"]
[BlackTeam "RUS"]
[WhiteClock "0:01:13"]
[BlackClock "0:01:10"]

1. c4 e6 2. g3 d5 3. Bg2 Nf6 4. Nf3 Be7 5. b3 O-O 6. Bb2 a5 7. O-O a4 8. cxd5 a3 9. Be5 exd5 10. d3 c5 11. Nbd2 Nc6 12. Rc1 Nd7 13. Ba1 Nb4 14. d4 Nxa2 15. dxc5 Nxc1 16. Qxc1 Nxc5 17. Ne5 Bf5 18. Rd1 Ne6 19. Qc3 Bf6 20. Qf3 Bg6 21. Ndc4 dxc4 22. Rxd8 Rfxd8 23. e4 Nd4 24. Bxd4 Rxd4 25. Nxg6 hxg6 26. bxc4 a2 0-1

[Event "January 2 Early 2024"]
[Site "https://www.chess.com"]
[Date "2024.01.02"]
[Round "1"]
[White "AmanteDeMoi"]
[Black "Subramanian, Anusha"]
[Result "1-0"]
[Board "273"]
[TimeControl "180+1"]
[BlackFideId "477710"]
[WhiteElo "2564"]
[BlackElo "2113"]
[BlackTeam "ENG"]
[WhiteClock "0:00:06"]
[BlackClock "0:00:02"]

1. Nf3 d5 2. e3 c5 3. b3 Nc6 4. Bb2 Nf6 5. Be2 e6 6. O-O Be7 7. d4 O-O 8. dxc5 Bxc5 9. c4 Qc7 10. Nc3 dxc4 11. Bxc4 Rd8 12. Qe2 a6 13. Rac1 Bd6 14. Rfd1 b6 15. Nb5 axb5 16. Bxb5 Bb7 17. Bxf6 gxf6 18. Qc4 Rac8 19. Qg4+ Kh8 20. Nd4 Rg8 21. Qh4 Rg6 22. Bxc6 Bxc6 23. Rxc6 Qd7 24. Rxc8+ Qxc8 25. g3 Be5 26. Nf3 Qc2 27. Rd8+ Kg7 28. Kg2 Qc6 29. Qc4 Qxc4 30. bxc4 Bc3 31. h3 Ba5 32. Rc8 f5 33. a4 Kf6 34. Nd4 e5 35. Rc6+ Kg7 36. Nxf5+ Kg8 37. Rc8# 1-0

[Event "January 2 Early 2024"]
[Site "https://www.chess.com"]
[Date "2024.01.02"]
[Round "1"]
[White "Novikova, Margarita"]
[Black "Korchynskyi, Mykola"]
[Result "0-1"]
[Board "274"]
[TimeControl "180+1"]
[WhiteFideId "14109689"]
[BlackFideId "34138005"]
[WhiteElo "2112"]
[BlackElo "2563"]
[WhiteTeam "GER"]
[BlackTeam "UKR"]
[WhiteClock "0:01:17"]
[BlackClock "0:01:40"]

1. e4 e6 2. d4 d5 3. exd5 exd5 4. Bd3 Nf6 5. Nf3 Bd6 6. O-O O-O 7. Bg5 Bg4 8. Nbd2 Nbd7 9. c3 c6 10. h3 Bh5 11. Qc2 Qc7 12. Bf5 Bg6 13. Nh4 Rfe8 14. Nxg6 hxg6 15. Bd3 b6 16. Rfe1 c5 17. Bb5 cxd4 18. Rxe8+ Rxe8 19. Qa4 dxc3 20. Bxf6 cxd2 21. Bc3 Qxc3 22. bxc3 Re1+ 23. Bf1 Rxa1 24. Qxd7 d1=Q 25. Qd8+ Bf8 0-1

[Event "January 2 Early 2024"]
[Site "https://www.chess.com"]
[Date "2024.01.02"]
[Round "1"]
[White "Rogov, Matfey"]
[Black "Dahlgren, James Allen"]
[Result "1-0"]
[Board "275"]
[TimeControl "180+1"]
[WhiteFideId "44191308"]
[BlackFideId "22256873"]
[WhiteElo "2561"]
[BlackElo "2111"]
[WhiteTeam "RUS"]
[BlackTeam "ESP"]
[WhiteClock "0:01:51"]
[BlackClock "0:01:06"]

1. Nc3 e6 2. d4 c5 3. d5 Nf6 4. e4 d6 5. Nf3 e5 6. Bb5+ Nbd7 7. O-O Be7 8. Re1 O-O 9. h3 a6 10. Bf1 b5 11. g4 Ne8 12. Ne2 a5 13. Ng3 g6 14. Bxb5 Qb6 15. a4 Nc7 16. c4 Nxb5 17. axb5 f6 18. Bh6 Rf7 19. Kh2 Bf8 20. Bd2 Rg7 21. Ra4 Qc7 22. Qe2 Nb6 23. Rxa5 Bb7 24. Rxa8 Nxa8 25. g5 Rf7 26. gxf6 Rxf6 27. Bg5 Rf7 28. Ra1 Be7 29. h4 Bxg5 30. Nxg5 Rf8 31. Ne6 1-0

[Event "January 2 Early 2024"]
[Site "https://www.chess.com"]
[Date "2024.01.02"]
[Round "1"]
[White "Osiecki, Stanislaw"]
[Black "Ezat, Mohamed"]
[Result "0-1"]
[Board "276"]
[TimeControl "180+1"]
[WhiteFideId "1102990"]
[BlackFideId "10600906"]
[WhiteElo "2098"]
[BlackElo "2560"]
[WhiteTeam "POL"]
[BlackTeam "EGY"]
[WhiteClock "0:01:22"]
[BlackClock "0:01:01"]

1. e4 e5 2. Nf3 Nc6 3. Bb5 Nge7 4. O-O a6 5. Bc4 Ng6 6. d4 exd4 7. Nxd4 Bc5 8. Nxc6 bxc6 9. Nc3 O-O 10. Qe2 Re8 11. Be3 Bxe3 12. Qxe3 d5 13. Nxd5 cxd5 14. Bxd5 Rb8 15. Rad1 Qf6 16. Qc5 Nf4 17. Qxc7 Bg4 18. e5 Qg6 19. f3 Be6 20. g3 Nxd5 0-1

[Event "January 2 Early 2024"]
[Site "https://www.chess.com"]
[Date "2024.01.02"]
[Round "1"]
[White "Ginzburg, Yakov"]
[Black "Tilahun , Abel Mathewos"]
[Result "1-0"]
[Board "277"]
[TimeControl "180+1"]
[WhiteFideId "4157176"]
[BlackFideId "15702391"]
[WhiteElo "2558"]
[BlackElo "2071"]
[WhiteTeam "RUS"]
[BlackTeam "ETH"]
[WhiteClock "0:01:33"]
[BlackClock "0:00:02"]

1. e4 e6 2. d4 d5 3. e5 c5 4. Qg4 Bd7 5. dxc5 Ne7 6. Nf3 h5 7. Qg3 Qa5+ 8. c3 Qxc5 9. Bd3 Bb5 10. Be3 Qc6 11. Nd4 Bxd3 12. Nxc6 Nbxc6 13. Bc5 Ba6 14. Bxe7 Nxe7 15. Nd2 Nf5 16. Qf3 h4 17. O-O-O Rc8 18. Kb1 Be7 19. g4 hxg3 20. hxg3 Kd7 21. c4 Rxh1 22. Qxh1 Rc5 23. b4 Rc7 24. b5 Ba3 25. bxa6 bxa6 26. cxd5 Rb7+ 27. Nb3 Ke7 28. d6+ Kd7 29. Qxb7+ 1-0

[Event "January 2 Early 2024"]
[Site "https://www.chess.com"]
[Date "2024.01.02"]
[Round "1"]
[White "Nikulina, Alena"]
[Black "Ahmad, Khagan"]
[Result "0-1"]
[Board "278"]
[TimeControl "180+1"]
[WhiteFideId "4172051"]
[BlackFideId "13431552"]
[WhiteElo "2070"]
[BlackElo "2557"]
[WhiteTeam "RUS"]
[BlackTeam "AZE"]
[WhiteClock "0:00:00"]
[BlackClock "0:00:05"]

1. e4 c5 2. Nf3 Nc6 3. d4 cxd4 4. Nxd4 Nf6 5. Nc3 e5 6. Ndb5 d6 7. Bg5 a6 8. Na3 b5 9. Nd5 Be7 10. Bxf6 Bxf6 11. c3 Rb8 12. Nc2 Bg5 13. a4 bxa4 14. Ncb4 Nxb4 15. Nxb4 Bd7 16. Qxd6 Be6 17. Qxd8+ Rxd8 18. Bxa6 Rd2 19. Bb5+ Ke7 20. Nc6+ Kd6 21. Rd1 Rxd1+ 22. Kxd1 Bb3+ 23. Ke2 Kc5 24. c4 f6 25. Na5 Kb4 26. Nc6+ Kc5 27. Ne7 Bxc4+ 28. Bxc4 Kxc4 29. h4 Bh6 30. Nf5 Kb3 31. Ra1 Ra8 32. Nxh6 gxh6 33. Ra3+ Kxb2 34. Rd3 a3 35. Rd2+ Kb3 36. Rd3+ Kc4 37. Rd1 a2 38. Ra1 Kc3 0-1

[Event "January 2 Early 2024"]
[Site "https://www.chess.com"]
[Date "2024.01.02"]
[Round "1"]
[White "Morgunov, Marc"]
[Black "Brandao, Marcius Gomes"]
[Result "1-0"]
[Board "279"]
[TimeControl "180+1"]
[WhiteFideId "1640305"]
[BlackFideId "2124980"]
[WhiteElo "2555"]
[BlackElo "2062"]
[WhiteTeam "AUT"]
[BlackTeam "BRA"]
[WhiteClock "0:00:43"]
[BlackClock "0:00:00"]

1. e4 c5 2. Nf3 Nc6 3. d4 cxd4 4. Nxd4 e5 5. Nb5 d6 6. c4 Be7 7. Bd3 Nf6 8. N1c3 a6 9. Na3 O-O 10. O-O Be6 11. h3 Rc8 12. Be3 Qd7 13. Rc1 Bd8 14. b3 Kh8 15. Nc2 Ng8 16. Na4 f5 17. exf5 Bxf5 18. Nb6 Bxb6 19. Bxb6 e4 20. Be2 Nf6 21. Ne3 Be6 22. Qd2 Ne5 23. Rfd1 Qc6 24. Qxd6 Nd3 25. Qxc6 Rxc6 26. Bxd3 Rxb6 27. Be2 Rc6 28. Rd4 h6 29. Rcd1 Rfc8 30. Rd8+ Rxd8 31. Rxd8+ Kh7 32. Kf1 Rc7 33. Ke1 Nd7 34. Kd2 Ne5 35. Nd5 Rf7 36. Ke3 Nc6 37. Re8 1-0

[Event "January 2 Early 2024"]
[Site "https://www.chess.com"]
[Date "2024.01.02"]
[Round "1"]
[White "Crocker, Philip J"]
[Black "Rodchenkov, Sergey D."]
[Result "1-0"]
[Board "280"]
[TimeControl "180+1"]
[WhiteFideId "403180"]
[BlackFideId "4168712"]
[WhiteElo "2061"]
[BlackElo "2555"]
[WhiteTeam "ENG"]
[BlackTeam "RUS"]
[WhiteClock "0:01:09"]
[BlackClock "0:01:11"]

1. e4 c5 2. Nf3 d6 3. d4 cxd4 4. Nxd4 Nf6 5. Nc3 a6 6. Bg5 e6 7. f4 h6 8. Bh4 Qb6 9. Qd2 Qxb2 10. Rb1 Qa3 11. Be2 Nc6 12. Nxc6 bxc6 13. e5 Nd5 14. Nxd5 cxd5 15. O-O dxe5 16. fxe5 Bc5+ 17. Kh1 Qe3 18. Qxe3 Bxe3 19. Rb3 Bd4 20. Bg3 O-O 21. c3 Bc5 22. h3 a5 23. a4 Bd7 24. Bb5 Rab8 25. Rfb1 Bxb5 26. Rxb5 Ba7 27. Kh2 g5 28. Rb7 Rfc8 29. h4 Be3 30. Rxb8 1-0

[Event "January 2 Early 2024"]
[Site "https://www.chess.com"]
[Date "2024.01.02"]
[Round "1"]
[White "Sharapov, Evgeny"]
[Black "Quirke, Jeffrey"]
[Result "1-0"]
[Board "281"]
[TimeControl "180+1"]
[WhiteFideId "14103133"]
[BlackFideId "2013029"]
[WhiteElo "2555"]
[BlackElo "2038"]
[WhiteTeam "UKR"]
[BlackTeam "USA"]
[WhiteClock "0:02:04"]
[BlackClock "0:00:04"]

1. e4 e6 2. d4 d5 3. Nc3 Nf6 4. e5 Nfd7 5. f4 c5 6. Nf3 Nc6 7. Be3 Rb8 8. Qd2 Qa5 9. Be2 b5 10. O-O b4 11. Nd1 Ba6 12. Bxa6 Qxa6 13. Nf2 Be7 14. Kh1 O-O 15. a3 Qb6 16. axb4 Qxb4 17. Qxb4 Rxb4 18. Nd3 Rb7 19. dxc5 Rc8 20. b3 Kf8 21. Ra4 h6 22. Rfa1 f6 23. exf6 Bxf6 24. R1a2 d4 25. Bd2 Rb5 26. b4 a5 27. bxa5 Nxc5 28. Nxc5 Rxc5 29. g3 Ra8 30. a6 Rb5 31. a7 Rb1+ 32. Kg2 Rb7 33. Ra6 Nb4 34. Bxb4+ Rxb4 35. Rxe6 Rb7 36. Rea6 Ke7 37. Nd2 Kd7 38. Ne4 Kc7 39. Nxf6 gxf6 40. Rxf6 Raxa7 41. Rxa7 Rxa7 42. Rf7+ 1-0

[Event "January 2 Early 2024"]
[Site "https://www.chess.com"]
[Date "2024.01.02"]
[Round "1"]
[White "Z_Chess6"]
[Black "Krsnik Cohar, Ivan Vihor"]
[Result "0-1"]
[Board "282"]
[TimeControl "180+1"]
[BlackFideId "14520044"]
[WhiteElo "2037"]
[BlackElo "2554"]
[BlackTeam "CRO"]
[WhiteClock "0:00:32"]
[BlackClock "0:02:28"]

1. d4 d5 2. c4 Bf5 3. cxd5 Bxb1 4. Rxb1 Qxd5 5. Nf3 Nc6 6. e3 O-O-O 7. Qc2 e5 8. dxe5 Nxe5 9. Nxe5 Bb4+ 10. Ke2 Qxe5 11. f3 Nf6 12. Kf2 Rhe8 13. Bc4 Bc5 14. Re1 Qxh2 15. Be6+ Rxe6 16. Qxc5 Ne4+ 17. fxe4 Rf6+ 0-1

[Event "January 2 Early 2024"]
[Site "https://www.chess.com"]
[Date "2024.01.02"]
[Round "1"]
[White "Ismagilov, Damir"]
[Black "Hernandez Basante, Francisco"]
[Result "1-0"]
[Board "283"]
[TimeControl "180+1"]
[WhiteFideId "34199982"]
[BlackFideId "6500226"]
[WhiteElo "2554"]
[BlackElo "2035"]
[WhiteTeam "RUS"]
[BlackTeam "CRC"]
[WhiteClock "0:02:22"]
[BlackClock "0:01:56"]

1. d4 Nf6 2. Bf4 c5 3. e3 d5 4. c3 Nc6 5. Nd2 Qb6 6. Qb3 c4 7. Qc2 g6 8. e4 e6 9. h4 Bg7 10. e5 Nd7 11. Ngf3 Qa5 12. g3 b5 13. h5 b4 14. Ng5 Rb8 15. Bg2 h6 16. Nxf7 Kxf7 17. Qxg6+ Kg8 18. Qxe6+ Kh7 19. Qg6+ Kg8 20. Qxc6 bxc3 21. Bxd5+ 1-0

[Event "January 2 Early 2024"]
[Site "https://www.chess.com"]
[Date "2024.01.02"]
[Round "1"]
[White "Grbac, Boris"]
[Black "Zubarev, Alexander"]
[Result "0-1"]
[Board "284"]
[TimeControl "180+1"]
[WhiteFideId "14503565"]
[BlackFideId "14104385"]
[WhiteElo "2028"]
[BlackElo "2554"]
[WhiteTeam "CRO"]
[BlackTeam "UKR"]
[WhiteClock "0:01:10"]
[BlackClock "0:01:28"]

1. e4 c5 2. d4 cxd4 3. c3 d3 4. Bxd3 Nc6 5. c4 g6 6. Nf3 Bg7 7. Nc3 d6 8. O-O Bxc3 9. bxc3 Nf6 10. h3 O-O 11. Bh6 Re8 12. Qd2 Qc7 13. Rfe1 Ne5 14. Nxe5 dxe5 15. Rad1 Be6 16. Qe2 Nd7 17. Rb1 Nc5 18. Bc2 Rac8 19. Be3 b6 20. f3 Nb7 21. Bd3 Bxc4 22. Bxc4 Qxc4 23. Qf2 Nd6 24. Rbc1 Qa4 25. h4 f6 26. h5 g5 27. Qg3 h6 28. Qh3 Qc4 29. Red1 Rc6 30. Rd5 Kf7 31. Rcd1 Qxa2 32. Rxd6 Rxd6 33. Rxd6 exd6 34. Qf5 Ke7 35. Qh7+ Qf7 36. Qxh6 a5 37. Bxb6 a4 0-1

[Event "January 2 Early 2024"]
[Site "https://www.chess.com"]
[Date "2024.01.02"]
[Round "1"]
[White "Dushyant Sharma"]
[Black "Ghosh, Chanchal Kumer"]
[Result "0-1"]
[Board "285"]
[TimeControl "180+1"]
[WhiteFideId "25065130"]
[BlackFideId "10201858"]
[WhiteElo "2550"]
[BlackElo "2023"]
[WhiteTeam "IND"]
[BlackTeam "BAN"]
[WhiteClock "0:00:13"]
[BlackClock "0:00:26"]

1. e4 c5 2. Nf3 d6 3. d4 cxd4 4. Nxd4 Nf6 5. Nc3 a6 6. f4 b5 7. a3 Bb7 8. Nf3 e6 9. Bd3 Be7 10. O-O O-O 11. Kh1 Nbd7 12. Qe1 Qc7 13. Bd2 d5 14. e5 Ne4 15. Nxe4 dxe4 16. Bxe4 Bxe4 17. Qxe4 Rac8 18. Bc3 Nc5 19. Qe2 Na4 20. Bb4 Bxb4 21. axb4 Qxc2 22. Qxc2 Rxc2 23. b3 Nc3 24. Rxa6 Rb2 25. Nd4 h6 26. h3 Rd8 27. Rd6 Ra8 28. Rc1 Ne2 29. Nxe2 Rxe2 30. Rc3 h5 31. Rg3 Re1+ 32. Kh2 Raa1 33. Rg5 g6 34. Kg3 Re4 35. Rd3 Rxb4 36. f5 exf5 37. e6 h4+ 38. Kh2 Re4 39. exf7+ Kxf7 40. g3 Re2# 0-1

[Event "January 2 Early 2024"]
[Site "https://www.chess.com"]
[Date "2024.01.02"]
[Round "1"]
[White "neri_gaite"]
[Black "Ismayil, Malak"]
[Result "0-1"]
[Board "286"]
[TimeControl "180+1"]
[BlackFideId "13412604"]
[WhiteElo "2022"]
[BlackElo "2550"]
[BlackTeam "AZE"]
[WhiteClock "0:00:00"]
[BlackClock "0:00:09"]

1. d4 Nf6 2. c4 e6 3. Nf3 d5 4. Bg5 Be7 5. Nc3 O-O 6. e3 h6 7. Bh4 a6 8. Bd3 dxc4 9. Bxc4 b5 10. Bd3 Bb7 11. Bxf6 Bxf6 12. Be4 Bxe4 13. Nxe4 Nd7 14. Rc1 Rc8 15. O-O Be7 16. Nc5 Nxc5 17. dxc5 Bf6 18. Qe2 c6 19. Rfd1 Qa5 20. a3 Rfd8 21. Nd4 Rd5 22. b4 Qxa3 23. Nc2 Qb2 24. Rxd5 cxd5 25. Qd2 Bc3 26. Qd1 a5 27. Rb1 Qa2 28. bxa5 Rxc5 29. Nd4 b4 30. Nb3 Rc6 31. g3 Qa4 32. Nd4 Qxd1+ 33. Rxd1 Ra6 34. Nb3 Kf8 35. Kf1 Ke7 36. Ke2 Kd6 37. Kd3 e5 38. f4 f6 39. fxe5+ fxe5 40. Rf1 e4+ 41. Kc2 Bf6 42. Rd1 Rc6+ 43. Kb1 Rc3 44. Nd4 Bxd4 45. Rxd4 Kc5 46. Rd2 Rb3+ 47. Ka1 Ra3+ 0-1

[Event "January 2 Early 2024"]
[Site "https://www.chess.com"]
[Date "2024.01.02"]
[Round "1"]
[White "Hernando Rodrigo, Julio Antonio"]
[Black "VictMin"]
[Result "1-0"]
[Board "287"]
[TimeControl "180+1"]
[WhiteFideId "2208350"]
[WhiteElo "2550"]
[BlackElo "2017"]
[WhiteTeam "ESP"]
[WhiteClock "0:01:06"]
[BlackClock "0:00:11"]

1. e4 c6 2. d4 d5 3. e5 Bf5 4. Nc3 e6 5. g4 Bg6 6. Nge2 Bb4 7. h4 h6 8. Nf4 Ne7 9. a3 Bxc3+ 10. bxc3 Nd7 11. h5 Bh7 12. Bd3 Bxd3 13. Nxd3 O-O 14. g5 hxg5 15. Bxg5 Qe8 16. h6 g6 17. h7+ Kh8 18. Bh6 Nf5 19. Bxf8 Qxf8 20. Qg4 c5 21. Rb1 b6 22. Kd2 cxd4 23. cxd4 Rc8 24. Rb3 Rc4 25. c3 a6 26. Qg5 b5 27. Nf4 Qc8 28. Rh3 1-0

[Event "January 2 Early 2024"]
[Site "https://www.chess.com"]
[Date "2024.01.02"]
[Round "1"]
[White "Refrigerator1955"]
[Black "Smirnov, Mark"]
[Result "1/2-1/2"]
[Board "288"]
[TimeControl "180+1"]
[BlackFideId "13764594"]
[WhiteElo "2015"]
[BlackElo "2549"]
[BlackTeam "KAZ"]
[WhiteClock "0:00:56"]
[BlackClock "0:00:02"]

1. e4 c5 2. Nf3 d6 3. d4 cxd4 4. Nxd4 Nf6 5. Nc3 Nc6 6. Be2 e5 7. Nb3 Be7 8. O-O O-O 9. Be3 a5 10. a4 Nb4 11. Bf3 Be6 12. Qd2 d5 13. exd5 Nfxd5 14. Nxd5 Bxd5 15. Bxd5 Qxd5 16. Qxd5 Nxd5 17. Bc5 Bxc5 18. Nxc5 Rfc8 19. Nxb7 Rcb8 20. Rfd1 Nf6 21. Nd6 Rxb2 22. Nc4 Rxc2 23. Nxe5 Ne4 24. Rac1 Rxc1 25. Rxc1 f6 26. f3 Nd6 27. Nd3 Rc8 28. Rxc8+ Nxc8 29. Kf2 Nb6 30. Nc5 Kf7 31. Ke3 Ke7 32. Kd4 Kd6 33. Ne4+ Kc6 34. Nc5 Nd5 35. Nb3 Nb6 36. Nc5 Kd6 37. Nb3 Kc6 38. Nc5 1/2-1/2

[Event "January 2 Early 2024"]
[Site "https://www.chess.com"]
[Date "2024.01.02"]
[Round "1"]
[White "Jeet, Jain"]
[Black "Bogumil, Tatiana"]
[Result "1-0"]
[Board "289"]
[TimeControl "180+1"]
[WhiteFideId "5073022"]
[BlackFideId "4110579"]
[WhiteElo "2549"]
[BlackElo "1998"]
[WhiteTeam "IND"]
[BlackTeam "RUS"]
[WhiteClock "0:01:15"]
[BlackClock "0:00:00"]

1. c4 Nf6 2. Nc3 b6 3. e4 d6 4. d4 Bb7 5. f3 Nbd7 6. Be3 c5 7. d5 g6 8. Qd2 h5 9. Nge2 Bg7 10. a4 a6 11. h4 Ne5 12. b3 Bc8 13. Rc1 Bd7 14. Nf4 Qb8 15. Nd3 Nxd3+ 16. Bxd3 O-O 17. Bh6 Qc8 18. Ne2 Ne8 19. Ng3 Rb8 20. Ne2 b5 21. axb5 axb5 22. Nc3 bxc4 23. bxc4 Rb4 24. O-O Qb7 25. Bxg7 Nxg7 26. f4 Bg4 27. e5 Nf5 28. Ne4 Nxh4 29. exd6 exd6 30. Nxd6 Qe7 31. Ne4 Nf5 32. Rfe1 1-0

[Event "January 2 Early 2024"]
[Site "https://www.chess.com"]
[Date "2024.01.02"]
[Round "1"]
[White "Winkels, Marcel"]
[Black "Toncheva, Nadya"]
[Result "0-1"]
[Board "290"]
[TimeControl "180+1"]
[WhiteFideId "1003887"]
[BlackFideId "2924056"]
[WhiteElo "1996"]
[BlackElo "2549"]
[WhiteTeam "NED"]
[BlackTeam "BUL"]
[WhiteClock "0:00:41"]
[BlackClock "0:00:10"]

1. e4 c5 2. Nf3 Nc6 3. d4 cxd4 4. Nxd4 g6 5. c4 Bg7 6. Be3 Nf6 7. Nc3 O-O 8. Be2 d6 9. O-O Bd7 10. Nc2 Rc8 11. Rc1 a6 12. b3 Qa5 13. Qd2 Rfe8 14. a4 Ng4 15. Bxg4 Bxc3 16. Qe2 Bxg4 17. Qxg4 Bg7 18. f4 h5 19. Qg3 Kh7 20. f5 Ne5 21. Bd4 b5 22. axb5 axb5 23. Ra1 Qd2 24. Rf2 Nf3+ 25. Qxf3 Bxd4 26. Nxd4 Qxd4 27. Rd1 Qg7 28. cxb5 Rc3 29. Rd3 Rc1+ 30. Rf1 Rec8 31. Rdd1 R1c3 32. Rd3 R3c5 33. Rd5 Rxd5 34. exd5 Rc3 35. Qd1 Qe5 36. fxg6+ fxg6 37. Re1 Qg5 38. Qe2 Rc7 39. b6 Rb7 40. Qb5 Qd2 41. Rf1 Qd4+ 42. Kh1 Qxb6 43. Qxb6 Rxb6 44. Rf7+ Kh6 45. Rxe7 Rxb3 46. Rd7 Rb1# 0-1

[Event "January 2 Early 2024"]
[Site "https://www.chess.com"]
[Date "2024.01.02"]
[Round "1"]
[White "Manukyan, Sargis V."]
[Black "Djordjevic, Dejan N"]
[Result "1-0"]
[Board "291"]
[TimeControl "180+1"]
[WhiteFideId "13303465"]
[BlackFideId "913316"]
[WhiteElo "2548"]
[BlackElo "1987"]
[WhiteTeam "ARM"]
[BlackTeam "SRB"]
[WhiteClock "0:02:14"]
[BlackClock "0:01:59"]

1. d4 Nf6 2. Nf3 g6 3. c4 Bg7 4. Nc3 d6 5. e4 O-O 6. Be2 Nc6 7. O-O e5 8. d5 Ne7 9. Ne1 Ne8 10. Nd3 h6 11. Bd2 f5 12. Qc2 f4 13. h3 g5 14. f3 Nf6 15. c5 Rf7 16. cxd6 cxd6 17. Rfc1 h5 18. Nf2 Ng6 19. Nb5 Ne8 20. a4 a6 21. Na3 Bf8 22. Nc4 b6 23. a5 b5 24. Nb6 Rc7 25. Nxa8 Rxc2 26. Rxc2 g4 27. Nb6 Bd7 28. Nxd7 Qxd7 29. fxg4 hxg4 30. Bxg4 Qe7 31. Rac1 Nh4 32. Rc8 1-0

[Event "January 2 Early 2024"]
[Site "https://www.chess.com"]
[Date "2024.01.02"]
[Round "1"]
[White "Desideri, Ricardo Maruchi"]
[Black "Parfenov, Viktor N."]
[Result "0-1"]
[Board "292"]
[TimeControl "180+1"]
[WhiteFideId "2110440"]
[BlackFideId "4165969"]
[WhiteElo "1986"]
[BlackElo "2545"]
[WhiteTeam "BRA"]
[BlackTeam "RUS"]
[WhiteClock "0:00:00"]
[BlackClock "0:01:48"]

1. e4 e5 2. f4 exf4 3. Bc4 Qh4+ 4. Kf1 d6 5. d4 Be6 6. Bxe6 fxe6 7. Nf3 Qh6 8. Nc3 Nc6 9. Ne2 e5 10. dxe5 dxe5 11. Qd2 Bd6 12. Qd1 O-O-O 13. Bd2 Nf6 14. c3 g5 15. Qc2 g4 16. Ne1 Qg6 17. Rd1 Nxe4 18. b3 f3 19. gxf3 gxf3 20. Nxf3 Ng3+ 0-1

[Event "January 2 Early 2024"]
[Site "https://www.chess.com"]
[Date "2024.01.02"]
[Round "1"]
[White "Coro, Lucas"]
[Black "Smirnov, Timofey"]
[Result "1-0"]
[Board "293"]
[TimeControl "180+1"]
[WhiteFideId "147222"]
[BlackFideId "24176427"]
[WhiteElo "2545"]
[BlackElo "1981"]
[WhiteTeam "ARG"]
[BlackTeam "RUS"]
[WhiteClock "0:00:30"]
[BlackClock "0:00:00"]

1. e4 e5 2. Nf3 Nf6 3. Nxe5 d6 4. Nf3 Nxe4 5. d4 d5 6. Bd3 Nc6 7. O-O Be7 8. Nbd2 Bf5 9. Re1 Nxd2 10. Qxd2 Bxd3 11. Qxd3 O-O 12. c3 Re8 13. Bf4 Rc8 14. Re2 Bf6 15. Rae1 Rxe2 16. Rxe2 Qd7 17. h4 h6 18. Qe3 Ne7 19. Ne5 Qd8 20. Qh3 Ng6 21. Nxg6 fxg6 22. h5 g5 23. Bg3 Qf8 24. Qf5 c6 25. Qg6 Qf7 26. Kh2 Qxg6 27. hxg6 Kf8 28. Bd6+ Kg8 29. Kg3 Rd8 30. Re6 a5 31. Kg4 Kh8 32. Kf5 Kg8 33. f3 Kh8 34. a4 Kg8 35. Bc7 Ra8 36. Re2 Kf8 37. Bd6+ Kg8 38. g3 Rd8 39. Bc7 Ra8 40. Re6 Kf8 41. Rd6 Ke7 42. Re6+ Kf8 43. Be5 Kg8 44. Bxf6 gxf6 45. Re7 Kf8 46. Rh7 Kg8 47. Kxf6 Rf8+ 48. Rf7 Re8 49. Rxb7 Re3 50. Rb8+ 1-0

[Event "January 2 Early 2024"]
[Site "https://www.chess.com"]
[Date "2024.01.02"]
[Round "1"]
[White "Lorenzo De La Riva, Lazaro"]
[Black "Jaiveer Mahendru"]
[Result "0-1"]
[Board "294"]
[TimeControl "180+1"]
[WhiteFideId "2268809"]
[BlackFideId "25611151"]
[WhiteElo "1965"]
[BlackElo "2544"]
[WhiteTeam "ESP"]
[BlackTeam "IND"]
[WhiteClock "0:00:00"]
[BlackClock "0:00:38"]

1. Nf3 Nf6 2. d3 g6 3. e4 d6 4. g3 Bg7 5. Bg2 O-O 6. O-O e5 7. c4 Ne8 8. Nc3 Nc6 9. h3 f5 10. exf5 gxf5 11. Bg5 Qd7 12. Nd5 h6 13. Bd2 Nf6 14. Nxf6+ Rxf6 15. Bc3 Rf7 16. Nh4 Kh7 17. f4 Bf6 18. Qh5 Bxh4 19. Qxh4 Rg7 20. fxe5 dxe5 21. Rxf5 Qxf5 22. Be4 Kg8 23. Bxf5 Bxf5 24. g4 Bxd3 25. b3 Rf8 26. Rd1 Bh7 27. Qxh6 Rf3 28. Qe6+ Rgf7 29. Bxe5 Rxh3 30. Kg2 Re3 31. Kg1 Nxe5 32. Rd8+ Kg7 33. Qd5 Re1+ 34. Kh2 Re2+ 35. Kg3 Rf3+ 36. Kh4 Rh2+ 37. Kg5 Nf7+ 38. Qxf7+ Rxf7 39. c5 Rh6 40. Rd4 Bg6 41. c6 bxc6 42. b4 Bc2 43. a4 Rg6+ 44. Kh4 Bxa4 45. b5 Bxb5 46. Rd8 Rf3 47. Rd4 Bf1 48. g5 Rh3+ 49. Kg4 Rh7 50. Rd7+ Kh8 51. Rd8+ Rg8 52. Rd1 Be2+ 53. Kg3 Bxd1 0-1